[Event "*** Titled Tuesday Blitz"]
[Site "Chess.com"]
[Date "2020.11.24"]
[Round "9"]
[White "picturesquecheck"]
[Black "Akhayan"]
[Result "1-0"]
[WhiteElo "2121"]
[BlackElo "2252"]
[TimeControl "180+1"]
[EndTime "12:04:37 PST"]
[Termination "picturesquecheck won by resignation"]

1. e4 e6 2. d4 d5 3. Nd2 c5 4.
exd5 Qxd5 5. Ngf3 cxd4 6. Bc4 Qd6 7. O-O Nc6 8. Nb3 Nf6 9. Nbxd4 Nxd4 10. Nxd4 a6 11. Re1 Qc7 12. Qe2 Bd7 13. Bg5 Bd6 14. Bxe6 O-O-O 15. Bxd7+ Rxd7 16. Bxf6 gxf6 17. Nf3 Rg8 18.
Rad1 Qc6 19. g3 Bc5 20. Rxd7 Qxd7 21. Rd1 Qc6 22. Nd4 Bxd4 23. Rxd4 Re8 24. Qd2 Qe6 25. b3 Qe1+ 26. Kg2 Qxd2 27. Rxd2 Kc7 28. c4 Kc6 29. f4 Kc5 30. Kf2 Re7 31. a3 a5 32.
Rd5+ Kb6 33. Rb5+ Ka6 34. Rf5 Re6 35. Rd5 Rb6 36. Rd3 Re6 37. b4 axb4 38. axb4 Re4 39. Rd6+ Ka7 40. Rxf6 Rxc4 41. Rxf7 Rxb4 42. Rxh7 Ka6 43.
Kf3 b5 44. g4 Rb2 45. f5 b4 46. Rh8 Kb7 47. Rh7+ Kb6 48. Rh6+ Kb7 49. Re6 Rb1 50. Re4 Kc6 51. f6 Kc5 52. g5 b3 53.
Re2 b2 54. Rxb2 Rxb2 55. g6 Rb6 56. f7 Rf6+ 57. Ke4 Kd6 58. g7 Rxf7 59. g8=Q Re7+ 60. Kd4 Kd7 61. Qg4+ Ke8 62. h4 Rd7+ 63. Ke4 Re7+ 64. Kf3 Rf7+ 65. Kg3 Kf8 66. Qc8+ Kg7 67. h5 Rf6 68.
Kh4 Kf7 69. Qd7+ Kg8 70. Kg5 Rf7 71. Qe8+ Kg7 72. h6+ 1-0

[Event "*** Titled Tuesday Blitz"]
[Site "Chess.com"]
[Date "2020.11.24"]
[Round "9"]
[White "SpasKozhuharov"]
[Black "Orest_Vovk"]
[Result "1-0"]
[WhiteElo "2673"]
[BlackElo "2533"]
[TimeControl "180+1"]
[EndTime "12:04:39 PST"]
[Termination "SpasKozhuharov won on time"]

1. d4 e5 2. dxe5 Nc6 3. Nf3 Qe7 4. Nc3 Nxe5 5. e4 Nf6 6. Bg5 c6 7. Nxe5 Qxe5 8. f4 Qa5 9. Bd3 Bb4 10. O-O d6 11. Re1 Qb6+ 12. Kh1 Ng4 13. Bh4 Nf2+ 14.
Bxf2 Qxf2 15. f5 Bxc3 16. bxc3 f6 17. Qh5+ Ke7 18. Bc4 g6 19. fxg6 Be6 20. g7 Bxc4 21. gxh8=Q Rxh8 22. Qh6 Kf7 23. Qh5+ Ke7 24. Qh6 Kf7 25.
Re3 Rg8 26. Qxh7+ Rg7 27. Qh5+ Ke7 28. Rg3 Rxg3 29. hxg3 Qxg3 30. Qh7+ Bf7 31. Rf1 Qxc3 32. Qf5 Bxa2 33. Qc8 Be6 34. Qxb7+ Bd7 35. Qxa7 Qxc2 36.
Qa1 Kd8 37. Qxf6+ Kc7 38. e5 Qd3 39. Qxd6+ Qxd6 40. exd6+ Kxd6 41. Rd1+ Ke6 42. g4 c5 43. Kg1 Ba4 44. Rc1 Kd5 45. g5 Be8 46. g6 Bxg6 47.
Kf2 Be4 48. Ke3 c4 49. Ra1 Bd3 50. Ra5+ Kc6 51. Kd4 Kb6 52. Rc5 Ka6 53. Kc3 Kb6 54. Kb4 Be2 55. Re5 Bd3 56. Re6+ Kc7 57. Kc3 Kd7 58. Rh6 Ke7 59. Kd4 Kd7 60. Kd5 Ke7 61. Rc6 Kd7 62. Rc5 Ke7 63. Ke5 Kd7 64. Kd5 Ke7 65. Rc6 Kd7 66. Rd6+ Ke7 67. Kc5 Kf7 68. Rd7+ Ke6 69. Rd4 Ke5 70. Rd8 Ke4 71. Re8+ Kf3 72. Kd4 Kf2 73. Re3 Kg2 74. Kc3 Kf2 75. Kd2 Kg2 76. Ke1 Kh2 77. Kf2 Bf5 78. Re5 Bh3 79. Rc5 Be6 80. Rc6 Bh3 81. Rxc4 Bg2 82. Rh4+ Bh3 83.
Rh8 1-0

[Event "*** Titled Tuesday Blitz"]
[Site "Chess.com"]
[Date "2020.11.24"]
[Round "9"]
[White "AldokhinIvan"]
[Black "Zq1"]
[Result "1/2-1/2"]
[WhiteElo "2505"]
[BlackElo "2591"]
[TimeControl "180+1"]
[EndTime "12:04:41 PST"]
[Termination "Game drawn by repetition"]

1. e4 c5 2. Nf3 d6 3. d4 cxd4 4. Nxd4 Nf6 5. Nc3 Nc6 6. Nde2 g6 7. h3 h5 8. g3 b6 9. Bg2 Ba6 10. O-O Rc8 11. Bg5 Bg7 12. Re1 Ne5 13. b3 O-O 14. f4 Ned7 15. Rc1 Nh7 16. Nd5 Nxg5 17. fxg5 e6 18. Nb4 Bxe2 19. Rxe2 Qxg5 20. Nd3 Qxg3 21. Qe1 Qg5 22. c4 Ne5 23. Re3 b5 24. Rg3 Nxd3 25. Rxd3 bxc4 26. Rxc4 Rxc4 27. bxc4 Be5 28. Rb3 Rc8 29.
Qf1 Rxc4 30. Qxc4 Qd2 31. Qf1 Kg7 32. Rb7 Bf6 33. e5 dxe5 34. Rxa7 e4 35. Rb7 e3 36.
Bf3 Be5 37. Qe2 Qd4 38. Rb3 Qf4 39. Kf1 Bd4 40. a4 Qe5 41. a5 Qxa5 42. Qb5 Qd2 43. Qe2 Qc1+ 44. Kg2 e5 45. Rb7 Qc5 46. Qa2 Qf8 47.
Bd5 Kh6 48. Rxf7 Qd8 49. Qe2 Qg5+ 50. Kh1 Qg3 51. Qg2 Qe1+ 52. Qf1 Qg3 53. Qf3 Qe1+ 54. Kh2 Qd2+ 55. Qg2 Qxg2+ 56. Kxg2 e2 57. Rf1 exf1=Q+ 58. Kxf1 Kg5 59. Kg2 Kf4 60. Bf7 Kf5 61. Kf3 e4+ 62.
Ke2 h4 63. Be8 g5 64. Bd7+ Kf4 65. Bg4 e3 66. Bc8 Be5 67. Bd7 Bf6 68. Bc8 Be5 69. Bd7 Bf6 70. Bg4 Be5 71. Bc8 Bf6 72. Bg4 Be5 73.
Bc8 Bf6 74. Bg4 1/2-1/2

[Event "*** Titled Tuesday Blitz"]
[Site "Chess.com"]
[Date "2020.11.24"]
[Round "9"]
[White "keepitcool9499"]
[Black "TST2014"]
[Result "1-0"]
[WhiteElo "2633"]
[BlackElo "2515"]
[TimeControl "180+1"]
[EndTime "12:04:42 PST"]
[Termination "keepitcool9499 won by resignation"]

1. d4 Nf6 2. c4 c5 3. Nc3 cxd4 4. Qxd4 Nc6 5. Qd1 e6 6. Nf3 Bb4 7. Bd2 d5 8. e3 O-O 9. a3 Be7 10. cxd5 exd5 11. Be2 Bg4 12. O-O a6 13. Nd4 Bxe2 14. Ncxe2 Ne5 15. Qb3 Nc4 16. Bc3 b5 17. Rad1 Rc8 18.
Nf5 Nb6 19. Nxe7+ Qxe7 20. Bb4 Qe5 21. Bxf8 Rxf8 22. Nf4 Nc4 23. Rd4 g5 24. Nd3 Qf5 25. Ne1 Ne4 26. Nf3 g4 27. Nh4 Qg5 28. g3 Ned2 29. Qd3 Nxf1 30. Rxd5 Ne5 31. Kxf1 Nxd3 32. Rxg5+ Kh8 33. a4 b4 34. Rxg4 a5 35. Rg5 Ra8 36. b3 Nc1 37. Rb5 Nxb3 38. Nf3 Nc1 39. Nd4 Na2 40.
Nb3 Nc3 41. Rxa5 Rxa5 42. Nxa5 Nxa4 43. Ke2 Nc5 44. Nc4 Kg7 45. f3 h5 46. e4 f5 47.
exf5 Kf6 48. g4 h4 49. h3 b3 50. Ke3 Na4 51. f4 b2 52. Nxb2 Nxb2 53. Ke4 Nd1 54. g5+ Kf7 55. Kf3 Nc3 56. Kg4 Ne2 57. Kxh4 Nxf4 58. Kg4 Nd5 59. h4 Ne3+ 60. Kf4 Ng2+ 61.
Kg3 Ne3 62. f6 Kg6 63. h5+ Kf7 64. Kh3 Ke6 65. h6 Nd5 66. Kg3 Kf7 67. h7 Ne3 68. h8=Q Nf5+ 69. Kf4 Nd4 70. Qg7+ Ke6 71. Qe7+ Kd5 72.
Qd7+ Kc5 73. Qxd4+ Kxd4 74. f7 Kd3 75. f8=Q Ke2 76.
g6 Kf2 77. g7 Kg2 78. g8=Q+ Kf2 79. Ke5+ 1-0

[Event "*** Titled Tuesday Blitz"]
[Site "Chess.com"]
[Date "2020.11.24"]
[Round "9"]
[White "LPSupi"]
[Black "ZverevLev"]
[Result "1/2-1/2"]
[WhiteElo "2892"]
[BlackElo "2323"]
[TimeControl "180+1"]
[EndTime "12:04:42 PST"]
[Termination "Game drawn by repetition"]

1. e4 e5 2. Nf3 Nc6 3. Bc4 Bc5 4. c3 Nf6 5. d3 d6 6. Nbd2 a6 7. Bb3 Ba7 8. h3 h6 9. Nf1 O-O 10. g4 d5 11. Qe2 dxe4 12. dxe4 Nh7 13. Ng3 Na5 14. Bc2 Re8 15. Nf5 Bd7 16. b3 b5 17. Rg1 b4 18. c4 Bxf5 19. gxf5 Kh8 20. Bd2 Nc6 21. O-O-O Qe7 22. Rg4 Nf6 23. Rh4 Nd4 24.
Nxd4 Bxd4 25. Rg1 Nh7 26. Rhg4 Rg8 27. Qf3 a5 28. Qg3 Qf6 29. h4 a4 30. Bg5 Qb6 31. f6 g6 32. Bxh6 Qxf6 33. Rh1 Qxf2 34. Qxf2 Bxf2 35. Bd2 axb3 36. Bxb3 c5 37. Rg2 Bd4 38. Rf1 Ra7 39. Rg3 Rga8 40. Kb1 Nf8 41. Rgf3 Kg7 42. Rg3 Ne6 43. h5 Nf4 44. Rg4 Ra6 45. hxg6 Rxg6 46. Rxg6+ fxg6 47. Bxf4 exf4 48. Rxf4 Rf8 49. Rg4 Rf2 50. Kc1 Rb2 51. e5 Rf2 52. e6 Rf5 53. Re4 Re5 54. Rxe5 Bxe5 55. Ba4 Kf6 56. e7 Kxe7 57.
Kc2 g5 58. Kd3 g4 59. Ke4 g3 60. Kf3 Kd6 61. Kg2 Bf4 62. Bd1 Ke5 63. Kf3 Kd4 64. Bb3 Bb8 65. Kg2 Ke3 66. Ba4 Kd3 67. Bb3 Kd4 68.
Kf3 Kc3 69. Kg2 Kd4 70. Kf3 Kc3 71. Kg2 Kd4 1/2-1/2

[Event "*** Titled Tuesday Blitz"]
[Site "Chess.com"]
[Date "2020.11.24"]
[Round "9"]
[White "BlackGod93"]
[Black "Escanor89"]
[Result "0-1"]
[WhiteElo "2274"]
[BlackElo "2519"]
[TimeControl "180+1"]
[EndTime "12:04:42 PST"]
[Termination "Escanor89 won by resignation"]

1. d4 Nf6 2. Nf3 g6 3. Bg5 Bg7 4. Nbd2 d5 5. e3 O-O 6. Bd3 c5 7. c3 b6 8. Qe2 Bb7 9. h4 Nc6 10.
Ne5 Nd7 11. Nxc6 Bxc6 12. h5 Qc7 13. Bxe7 Rfe8 14. Bg5 cxd4 15. cxd4 Bxd4 16. hxg6 hxg6 17. Rc1 Qd6 18. Nf3 Bg7 19. Bf4 Qe6 20. Ng5 Qf6 21. Qg4 Nc5 22. Be2 Qxb2 23. Rd1 Bb5 24. Bxb5 Qxb5 25.
f3 Nd3+ 26. Rxd3 Qxd3 27. Kf2 d4 28. e4 Qc2+ 29. Kg3 Qc6 30. Qh4 Qf6 31. Qh7+ Kf8 32. Bc1 Ke7 33. e5 Qxe5+ 34. Bf4 Qf6 35. Re1+ Kd7 36.
Qh3+ Qf5 37. Qh1 Rxe1 38. Qxe1 Re8 39. Qb4 Kc8 40. Qa4 Rd8 41. Qa6+ Kd7 42. Qb7+ Ke8 43.
Ne4 Be5 44. Bxe5 Qxe5+ 45. f4 Qe7 46. Qc6+ Kf8 47. f5 Qd7 48. Qf6 Ke8 49. Qh8+ Ke7 50. f6+ Ke6 51. Ng5+ Kd5 52. Qh4 Qd6+ 53. Kf3 Qe5 54.
Nxf7 Qf5+ 55. Kg3 Re8 56. Qf4 Re3+ 57. Qf3+ Rxf3+ 58. gxf3 Qxf6 59. Nh6 Qg5+ 60. Ng4 d3 61. Kf2 Kd4 62. Ne3 d2 63. Nc2+ Kc3 64. Ne3 Kb2 65. Ke2 Kc1 66. Nd1 Qg2+ 67. Kd3 Kxd1 0-1

[Event "*** Titled Tuesday Blitz"]
[Site "Chess.com"]
[Date "2020.11.24"]
[Round "9"]
[White "AbdAlAgathos"]
[Black "WPWPWP-2015"]
[Result "0-1"]
[WhiteElo "2369"]
[BlackElo "2512"]
[TimeControl "180+1"]
[EndTime "12:04:42 PST"]
[Termination "WPWPWP-2015 won by resignation"]

1. e4 c5 2. Nf3 d6 3. c3 Nf6 4.
Be2 e6 5. O-O Be7 6. Re1 O-O 7.
Bf1 Nc6 8. d4 cxd4 9. cxd4 d5 10. e5 Ne4 11. Nc3 Nxc3 12. bxc3 Qc7 13. Bd3 Na5 14.
Bd2 Nc4 15. h4 b5 16. h5 a5 17. h6 g6 18. Bg5 Nb2 19. Qd2 Nxd3 20. Qxd3 Ba3 21. Rab1 Ba6 22. Qe3 Rfc8 23. Rb3 Bf8 24. Qf4 a4 25. Rbb1 Qxc3 26. Bf6 Qd3 27. g4 Rc3 28.
Kg2 Rac8 29. Rbd1 Qxf3+ 30. Qxf3 Rxf3 31. Kxf3 b4 32. Rb1 Bc4 33. Rb2 a3 34. Rc2 Ra8 35.
Rb1 Bxh6 36. Be7 Bf8 37. Bxf8 Kxf8 38. Rxb4 Kg7 39. Kf4 h6 40. Rb7 Ra4 41. f3 Ra5 42. Kg3 g5 43. f4 gxf4+ 44. Kxf4 Ra4 45. g5 Bd3 46. Rh2 hxg5+ 47. Kxg5 Rxd4 48. Rf2 Bg6 49. Ra7 Re4 50. Rxa3 Rxe5+ 51. Kf4 Re4+ 52. Kg3 Re1 53. Ra7 d4 54. a4 d3 55. Rd7 Rg1+ 56.
Kh2 Ra1 57. Rf4 e5 58. Rfxf7+ Bxf7 59. Rxd3 Rxa4 60. Re3 Kf6 61. Kg3 Bg6 62. Rf3+ Bf5 63. Rb3 Rd4 64. Rb6+ Kg5 65. Rb3 Rd3+ 66. Rxd3 Bxd3 67.
Kf3 Kf5 68. Ke3 Be4 69. Kd2 Kf4 70. Ke2 Bf3+ 71. Kf2 e4 72. Ke1 Ke3 73. Kf1 Bd1 74. Ke1 Bc2 75. Kf1 Bd3+ 76. Ke1 Bc4 77. Kd1 Kf2 78.
Kc2 e3 0-1

[Event "*** Titled Tuesday Blitz"]
[Site "Chess.com"]
[Date "2020.11.24"]
[Round "9"]
[White "Nuvas"]
[Black "GregShahade"]
[Result "0-1"]
[WhiteElo "2423"]
[BlackElo "2703"]
[TimeControl "180+1"]
[EndTime "12:04:43 PST"]
[Termination "GregShahade won by resignation"]

1. d4 Nf6 2. c4 g6 3. Nc3 d5 4. cxd5 Nxd5 5. Bd2 Nb6 6. Nf3 Bg7 7. Bf4 c5 8. dxc5 Bxc3+ 9. bxc3 Qxd1+ 10. Rxd1 N6d7 11. e3 Nxc5 12. Bb5+ Bd7 13. Bxd7+ Nbxd7 14. Ke2 Rc8 15. Ne5 Nxe5 16. Bxe5 f6 17. Bd4 Na4 18. Rc1 e5 19. Bxa7 Ra8 20. Bd4 exd4 21. cxd4 Kd7 22. Kd3 Rhc8 23.
Rb1 Rc3+ 24. Kd2 Kc7 25. Rhc1 Rxc1 26. Rxc1+ Kd6 27. Rb1 Kc7 28. Rc1+ Kd6 29. Rb1 Ra7 30. Kd3 Kc6 31. Rc1+ Kd7 32. Rb1 Kc7 33. Rc1+ Kb8 34.
Rb1 Ra6 35. Rb3 Nb6 36. a3 Kc7 37. e4 Nd7 38. f4 Rb6 39. Rc3+ Rc6 40. Rb3 Rc1 41.
g3 Rd1+ 42. Ke3 Re1+ 43. Kd3 Rh1 44. h4 Rg1 45. Kc4 Nb6+ 46. Kb5 Rc1 47. a4 Nc4 48. e5 fxe5 49. dxe5 Nd2 50. Rd3 Ne4 51. e6 Nd6+ 52. Kb4 Rc4+ 53. Kb3 Re4 54. Rc3+ Kb6 55. Rd3 Kc6 56.
Rc3+ Kd5 57. Rd3+ Kxe6 58. Rc3 Kd7 59. Rd3 h5 60. Ka2 Rxa4+ 61. Kb3 Re4 62. Rc3 b5 63. Rd3 Ke6 64. Rc3 Nc4 65. Kb4 Nd6+ 66. Ka5 Ra4+ 67. Kb6 Rc4 68. Re3+ Re4 69. Rc3 b4 70. Rc6 b3 71.
Rc1 b2 72. Rb1 Rb4+ 73. Kc5 Rb5+ 74. Kd4 Rb8 75. Kc3 Ne4+ 76. Kc2 Nxg3 0-1

[Event "*** Titled Tuesday Blitz"]
[Site "Chess.com"]
[Date "2020.11.24"]
[Round "9"]
[White "reniite"]
[Black "lacafi"]
[Result "0-1"]
[WhiteElo "1950"]
[BlackElo "2204"]
[TimeControl "180+1"]
[EndTime "12:04:48 PST"]
[Termination "lacafi won by checkmate"]

1. e4 c6 2. d4 d5 3. exd5 cxd5 4. c4 Nf6 5. Nc3 Nc6 6. Nf3 e6 7. Bd3 Be7 8. O-O O-O 9. a3 dxc4 10. Bxc4 a6 11. Re1 b5 12. Bb3 Bb7 13. Qd3 b4 14.
axb4 Nxb4 15. Qc4 Rc8 16. Qe2 Bxf3 17. Qxf3 Qxd4 18. Be3 Qg4 19. Qb7 Bc5 20. h3 Qh4 21.
g3 Qxh3 22. Bxc5 Rxc5 23. Qg2 Qxg2+ 24. Kxg2 Nd3 25. Re3 Nb4 26. Na4 Ra5 27. Rc1 Nfd5 28. Re4 Rb5 29. Bc4 Ra5 30. b3 h6 31. Re5 Rc8 32.
Rce1 Kf8 33. Rd1 g6 34. Rh1 Kg7 35. Kf3 Kf6 36. Ree1 h5 37. g4 hxg4+ 38. Kxg4 Ne7 39. f4 Nf5 40. Kf3 Rxc4 41. bxc4 Rxa4 42. Rb1 Nc2 43.
Rb6 Ncd4+ 44. Ke4 Rxc4 45. Kd3 Ra4 46. Rh7 a5 47. Rb7 Nd6 48. Rd7 N4f5 49. Ra7 Ra3+ 50. Kc2 a4 51. Kb2 Rb3+ 52. Ka2 Rb4 53. Rh3 Rxf4 54. Rd3 Nb5 55. Rb7 Nfd4 56. Rb8 Rf2+ 57. Ka1 g5 58. Rb7 g4 59. Rg3 Rf4 60. Rb8 Kg7 61.
Rb7 Kg6 62. Rb6 f5 63. Ra6 Kg5 64. Kb2 Rf2+ 65. Ka1 f4 66. Rd3 Kh4 67. Rxa4 g3 68. Kb1 g2 69. Rd1 Rf1 70. Rxd4 Nxd4 71. Kc1 Rxd1+ 72.
Kxd1 g1=Q+ 73. Kd2 Qg3 74. Kc1 Qe3+ 75. Kb2 f3 76.
Ka2 f2 77. Kb2 f1=Q 78. Ka2 Qff2+ 79. Kb1 Qee1# 0-1

[Event "*** Titled Tuesday Blitz"]
[Site "Chess.com"]
[Date "2020.11.24"]
[Round "9"]
[White "Anna_ChessMate"]
[Black "Oglob71"]
[Result "0-1"]
[WhiteElo "2562"]
[BlackElo "2417"]
[TimeControl "180+1"]
[EndTime "12:04:49 PST"]
[Termination "Oglob71 won on time"]

1. d4 Nf6 2. c4 e6 3. Nf3 b6 4.
g3 Bb4+ 5. Bd2 a5 6. Bg2 Bb7 7.
O-O O-O 8. Bf4 Be7 9. Nc3 Ne4 10. Rc1 Nxc3 11. Rxc3 d6 12. Qd3 g6 13. e4 Nd7 14.
Re1 Re8 15. a3 a4 16. h4 Ra5 17. Rc2 Qa8 18. Bd2 Ra7 19. Bc3 Bf8 20. h5 Bg7 21.
Rce2 e5 22. hxg6 hxg6 23. Bh3 Bc8 24. Bxd7 Bxd7 25. dxe5 Bg4 26. exd6 Bxc3 27. Qxc3 cxd6 28. Qf6 Rae7 29. Qf4 Bxf3 30. Qxf3 Qc6 31. Qd3 Re6 32. f3 Qc5+ 33. Kg2 Kg7 34. Rh1 f6 35. Qd2 g5 36.
Qd3 Rh8 37. Ree1 Ree8 38. e5 dxe5 39. Rxh8 Rxh8 40. Qd7+ Kg6 41. Qd3+ Kg7 42. Re2 Rc8 43. Qd7+ Kg6 44. Rd2 Qxc4 45. g4 Rh8 46. Qf5+ Kf7 47. Qd7+ Kg6 48. Qf5+ Kf7 49. Rd7+ Ke8 50. Rd8+ Kxd8 51.
Qxf6+ Kc7 52. Qxh8 Qe2+ 53. Kg3 Qe1+ 54. Kg2 Qe2+ 55.
Kg3 Qe1+ 56. Kg2 Qd2+ 57. Kh3 Qf4 58. Qg7+ Kc6 59. Qg6+ Kc5 60. Qd3 b5 61. Qc3+ Kb6 62.
Kg2 Kb7 63. Kf2 e4 64. Ke2 Qh2+ 65. Ke3 exf3 66. Qg7+ Ka6 67. Qf6+ Kb7 68. Qxf3+ Ka7 69. Qf7+ Ka8 70. Qf6 Qg3+ 71. Kd2 Qxg4 72. Kc3 Qf4 73. Qg7 Qc4+ 74. Kd2 g4 0-1

[Event "*** Titled Tuesday Blitz"]
[Site "Chess.com"]
[Date "2020.11.24"]
[Round "9"]
[White "zocpoc71"]
[Black "Nemsko"]
[Result "0-1"]
[WhiteElo "2478"]
[BlackElo "2369"]
[TimeControl "180+1"]
[EndTime "12:04:52 PST"]
[Termination "Nemsko won by checkmate"]

1. e4 c5 2. Nf3 d6 3. Bb5+ Nd7 4. c4 a6 5. Bxd7+ Bxd7 6. Nc3 e5 7. d3 Nf6 8. O-O Be7 9. Bg5 h6 10. Bxf6 Bxf6 11.
Nd5 O-O 12. a4 Be6 13. Ne1 Bxd5 14. cxd5 b5 15. Nc2 Qb6 16. Ne3 Rfc8 17. b3 Bg5 18. Qg4 c4 19. Nf5 cxd3 20. h4 Bf6 21. Nxh6+ Kf8 22.
Nf5 bxa4 23. bxa4 d2 24. h5 Qb2 25. Rad1 Rc1 26. Nxd6 Rd8 27. Nc4 Rxc4 28. h6 gxh6 29.
Qf5 Bg7 30. Qf3 Rc1 31. Qe2 Rdc8 32. Qxd2 Qxd2 33. Rxd2 Rxf1+ 34. Kxf1 Ke7 35. Rb2 Rc4 36. f3 Rxa4 37. Rb7+ Ke8 38. Rb8+ Ke7 39. Rb7+ Kf6 40. Rb6+ Kg5 41. Rb7 Kg6 42. Ke2 Bf8 43. Rb6+ f6 44.
Rb8 Be7 45. Rb7 Bd6 46. Rd7 Bc5 47. Rc7 Bf8 48. Rc8 Kf7 49. Rc7+ Ke8 50. Rc8+ Ke7 51. Rc7+ Kd6 52. Rc6+ Ke7 53. Rc7+ Ke8 54. Rc8+ Kf7 55.
Rc7+ Kg6 56. Rc8 Bb4 57. d6 Bxd6 58. Rc6 Rd4 59. g3 a5 60. Ke3 Bb4 61. f4 Bd2+ 62.
Kf3 exf4 63. gxf4 Bb4 64. f5+ Kg5 65. Rc7 Rd3+ 66. Ke2 Rc3 67. Rg7+ Kf4 68. Rg6 Kxe4 69. Rxf6 Rc2+ 70. Kd1 Rd2+ 71. Kc1 Rf2 72. Rxh6 Rxf5 73.
Re6+ Kd3 74. Ra6 Kc3 75. Kb1 Rf1+ 76. Ka2 Rf2+ 77. Ka1 Kb3 78. Rxa5 Rf1# 0-1

[Event "*** Titled Tuesday Blitz"]
[Site "Chess.com"]
[Date "2020.11.24"]
[Round "9"]
[White "kuban1991"]
[Black "dretch"]
[Result "0-1"]
[WhiteElo "2887"]
[BlackElo "2817"]
[TimeControl "180+1"]
[EndTime "12:04:53 PST"]
[Termination "dretch won by resignation"]

1. Nf3 d5 2. g3 Bf5 3. Bg2 e6 4.
O-O Nd7 5. d3 c6 6. Nbd2 Ngf6 7.
Qe1 h6 8. e4 dxe4 9. dxe4 Bh7 10. b3 Bb4 11. Qe3 Qb6 12. Qe2 O-O 13. Bb2 Rfd8 14.
Nc4 Qa6 15. Nfe5 b5 16. Nxd7 Rxd7 17. Bxf6 gxf6 18. Ne3 Bc3 19. Rad1 Rad8 20. Rxd7 Rxd7 21. Qh5 Qxa2 22. Qxh6 a5 23. Ng4 Qb2 24. f4 f5 25.
Qg5+ Kf8 26. exf5 Bxf5 27. Nh6 Bd4+ 28. Kh1 Bh7 29. f5 Bf6 30. Qh5 exf5 31. Nxf5 Bg6 32. Qf3 Be5 33. Qxc6 Rd8 34. Qc5+ Kg8 35. Ne7+ Kg7 36.
Nxg6 Kxg6 37. Be4+ Kg7 38. Qe7 Bf6 39. Qc5 Qd4 40.
Qf5 a4 41. Qh7+ Kf8 42. Qh6+ Bg7 43. Qf4 Rd7 44. Bc6 Qxf4 45. gxf4 Rc7 46. Bxb5 a3 47. Bd3 a2 48. Kg2 a1=Q 49. Rxa1 Bxa1 50. Kf3 Bc3 51. Ke4 Re7+ 52. Kd5 Bd2 53. f5 Bf4 54. b4 Re5+ 55. Kc6 Bxh2 56. b5 Ke7 57. b6 Bg1 58. Kb7 Re1 59. Kc6 Rb1 60. b7 Ba7 61. Be4 Kd8 62.
Kd6 Rb6+ 63. Ke5 f6+ 64. Kd5 Kc7 65. Kc4 Kd6 66. Kd3 Kc7 67. c3 Rxb7 68. Bxb7 Kxb7 69.
Ke4 Kc6 70. Kf4 Bb8+ 71. Kg4 Kd5 72. c4+ Kxc4 73. Kh5 Kd5 74. Kg6 Ke5 0-1

[Event "*** Titled Tuesday Blitz"]
[Site "Chess.com"]
[Date "2020.11.24"]
[Round "9"]
[White "ShahMatKanal"]
[Black "HrvojeZagreb"]
[Result "0-1"]
[WhiteElo "2505"]
[BlackElo "2300"]
[TimeControl "180+1"]
[EndTime "12:04:59 PST"]
[Termination "HrvojeZagreb won by checkmate"]

1. e4 e6 2. c4 d5 3. exd5 exd5 4. d4 Bb4+ 5. Nc3 Nf6 6. Be2 dxc4 7. Bxc4 O-O 8. Ne2 Nbd7 9. O-O Nb6 10. Bb3 c6 11. a3 Be7 12. Nf4 Qc7 13. Qf3 Rd8 14. Be3 Bg4 15. Qg3 Bf5 16. Ng6 Bd6 17. Ne5 Nfd5 18.
Rac1 Bxe5 19. dxe5 Be6 20. Bc2 Nxe3 21. Qxe3 Nc4 22.
Qe4 g6 23. Rfe1 Nxb2 24. Qf4 Nd3 25. Bxd3 Rxd3 26. Ne4 Rad8 27. Qh6 Qxe5 28. Nc5 Qg7 29. Qxg7+ Kxg7 30. Nxd3 Rxd3 31. Rb1 b5 32. Re3 Rxe3 33. fxe3 Bd5 34. Kf2 f5 35. g3 Kf6 36.
Ke2 Ke5 37. Ra1 a5 38. Rc1 b4 39. axb4 axb4 40. Kd3 g5 41. h4 h6 42. hxg5 hxg5 43.
Rf1 b3 44. Kc3 Ke4 45. Rf2 Kxe3 46. Rxf5 g4 47. Rf8 Bf3 48. Kxb3 Kf2 49. Kc3 Kxg3 50. Kd2 Kf2 51. Rh8 g3 52. Rg8 g2 53. Kc3 g1=Q 54. Rxg1 Kxg1 55. Kc4 Kf2 56. Kc5 Ke3 57. Kc4 Kf4 58.
Kc3 Kf5 59. Kd4 Ke6 60. Kc5 Kd7 61. Kc4 Kd6 62. Kd4 c5+ 63. Kc4 Bd5+ 64. Kc3 Bg8 65. Kd3 Kd5 66. Kc3 c4 67. Kc2 Kd4 68. Kd2 Bh7 69. Kc1 Kc3 70. Kd1 Kb2 71. Kd2 c3+ 72.
Ke3 c2 73. Kf4 c1=Q+ 74. Ke5 Qc6 75. Kd4 Kb3 76. Ke5 Qe4+ 77. Kf6 Qf5+ 78. Kg7 Qg6+ 79.
Kf8 Qf6+ 80. Ke8 Qg7 81. Kd8 Kc4 82. Kc8 Kd5 83. Kd8 Kd6 84. Kc8 Qc7# 0-1

[Event "*** Titled Tuesday Blitz"]
[Site "Chess.com"]
[Date "2020.11.24"]
[Round "9"]
[White "Nachsueb"]
[Black "santosalberto1987"]
[Result "1/2-1/2"]
[WhiteElo "2183"]
[BlackElo "2423"]
[TimeControl "180+1"]
[EndTime "12:05:00 PST"]
[Termination "Game drawn by stalemate"]

1. c4 c5 2. Nc3 g6 3. g3 Bg7 4.
Bg2 Nc6 5. e3 e6 6. Nge2 Nge7 7.
O-O O-O 8. Rb1 b6 9. d4 cxd4 10. exd4 d5 11. cxd5 Nxd5 12. Nxd5 exd5 13. Bf4 Be6 14.
Rc1 Qd7 15. Qd2 Rac8 16. Rfe1 Na5 17. b3 Rxc1 18. Rxc1 Rc8 19. Rxc8+ Qxc8 20. Qc1 Qxc1+ 21. Bxc1 Nc6 22. Be3 Kf8 23. Kf1 Ke7 24. Ke1 Nb4 25. Nc3 Nc2+ 26. Kd2 Nxd4 27. Nxd5+ Kd6 28. Nc3 a6 29. Ne4+ Kd7 30. Ng5 h5 31. Bxd4 Bxd4 32.
Nxe6 Kxe6 33. f3 Bg1 34. h3 Bf2 35. g4 Ke5 36. Ke2 Bc5 37. gxh5 gxh5 38. f4+ Kxf4 39.
Bf3 h4 40. Bb7 a5 41. Bc8 f5 42. Bd7 Ke4 43. Bc6+ Kd4 44. Bd7 Ke4 45. Bc6+ Kf4 46. Bd7 Ba3 47. Bc8 Ke4 48. Bb7+ Kd4 49. Bc8 f4 50. Kf3 Kc3 51. Kxf4 Kb2 52. Ke3 Kxa2 53. Be6 Kb2 54. Kd3 b5 55. Bd7 Kxb3 56. Bxb5 a4 57. Kd2 Bb2 58. Kd3 Be5 59. Bc4+ Kb2 60. Bd5 a3 61.
Ke4 Bd6 62. Kf3 a2 63. Bxa2 Kxa2 64. Kg2 Kb3 65. Kh1 Kc2 66. Kg2 Kd3 67. Kh1 Ke2 68. Kg2 Bc5 69. Kh1 Kf3 70. Kh2 Bd6+ 71. Kh1 Kg3 72. Kg1 Kxh3 73. Kh1 Kg3 74. Kg1 h3 75. Kh1 h2 1/2-1/2

[Event "*** Titled Tuesday Blitz"]
[Site "Chess.com"]
[Date "2020.11.24"]
[Round "9"]
[White "Xeniya2005"]
[Black "Cambek64"]
[Result "1-0"]
[WhiteElo "2437"]
[BlackElo "2298"]
[TimeControl "180+1"]
[EndTime "12:05:05 PST"]
[Termination "Xeniya2005 won on time"]

1. e4 c6 2. d4 d5 3. Nd2 dxe4 4. Nxe4 Bf5 5. Ng3 Bg6 6. h4 h6 7. Nf3 Nd7 8. h5 Bh7 9. Bd3 Bxd3 10. Qxd3 Ngf6 11.
Bd2 e6 12. O-O-O Qc7 13. Ne4 O-O-O 14. Kb1 Nxe4 15. Qxe4 Nf6 16. Qe2 c5 17. Rh4 Kb8 18. dxc5 Bxc5 19. Rc4 Qb6 20. Ne5 Rhf8 21. Nd3 Bd6 22.
Be3 Qa6 23. b3 Nd5 24. Bd4 b5 25. Rc5 Bxc5 26. Nxc5 Qc6 27. c4 Nc3+ 28. Bxc3 Rxd1+ 29. Qxd1 Qxc5 30. Qd7 bxc4 31. Bd4 Qc7 32. Qb5+ Ka8 33. Be5 Rb8 34. Qa6 Qb6 35. Qxc4 Rg8 36. Bd4 Qb7 37. g3 Rc8 38. Qe2 f6 39. Be3 Qe4+ 40. Kb2 e5 41. Qd2 Qc6 42. Qd3 Kb7 43. a4 Rc7 44. Qd2 Rd7 45. Qb4+ Ka6 46. Qe1 Rb7 47. Qe2+ Ka5 48. Bd2+ Kb6 49. Be3+ Kc7 50. Ka2 Kd8 51. Qd3+ Rd7 52.
Qe2 Ke8 53. Ka3 Kf8 54. Ka2 Kg8 55. Qb2 Qd5 56. Ka3 Rb7 57. b4 a5 58. Bc5 axb4+ 59. Bxb4 Qc4 60. a5 Rb5 61. Qb3 Qxb3+ 62. Kxb3 Rb8 63. Kc4 Kf7 64. a6 Ke6 65. a7 Ra8 66.
Bc5 f5 67. Kb5 Kd5 68. Kb6 e4 69. Kb7 Rxa7+ 70. Bxa7 Ke5 71. Be3 Kf6 72. Kc6 g5 73. hxg6 1-0

[Event "*** Titled Tuesday Blitz"]
[Site "Chess.com"]
[Date "2020.11.24"]
[Round "9"]
[White "Alexander_Kachko"]
[Black "Legendinunknown"]
[Result "1-0"]
[WhiteElo "2781"]
[BlackElo "2668"]
[TimeControl "180+1"]
[EndTime "12:05:06 PST"]
[Termination "Alexander_Kachko won by checkmate"]

1. e4 c6 2. d4 d5 3. exd5 cxd5 4. c3 Nc6 5. Bf4 Nf6 6. Nf3 g6 7. Ne5 Bg7 8. Be2 O-O 9. h4 h5 10. Nd2 Bf5 11. Nf1 Qc8 12. Ne3 Rd8 13. f3 Be6 14. Qd2 Nxe5 15. Bxe5 Nd7 16. Bxg7 Kxg7 17. O-O Nf6 18. g3 Qc7 19. Kf2 Re8 20. Bd3 Bd7 21. f4 a6 22. Rae1 Bb5 23. Kg2 Bxd3 24. Qxd3 e6 25.
Rh1 b5 26. a3 Ne4 27. Nc2 a5 28. Rxe4 dxe4 29. Qxe4 Rab8 30. Re1 Red8 31. Qe5+ Qxe5 32. fxe5 Ra8 33. Kf3 Rd5 34. Ke4 f6 35. exf6+ Kxf6 36. Ne3 Rd7 37. Ng2 b4 38. Rf1+ Ke7 39. axb4 axb4 40.
Nf4 Rg8 41. c4 g5 42. hxg5 Rxg5 43. Rf3 Rg4 44. b3 h4 45. gxh4 Rxh4 46. Ke5 Rh6 47. Rg3 Kf7 48. Rf3 Ke7 49. Rg3 Ke8 50. Nxe6 Re7 51. d5 Rh5+ 52. Kd6 Rd7+ 53. Kc6 Rf7 54. Rg8+ Ke7 55. Nc5 Rh3 56. d6+ Kf6 57. d7 Rxd7 58. Nxd7+ Kf7 59. Rf8+ Ke7 60. Rf6 Rxb3 61. Rh6 Rc3 62.
Nb6 b3 63. Nd5+ Kf7 64. Nxc3 b2 65. Rh1 Kg7 66. Rb1 Kf6 67. Rxb2 Ke5 68. Nd5 Kd4 69. c5 Kc4 70. Rb6 Kd4 71. Kd6 Kc4 72. c6 Kd3 73.
Rb4 Kc2 74. c7 Kd2 75. c8=Q Ke2 76. Qc3 Kf2 77. Rb2+ Kg1 78. Qc1# 1-0